 Dungeon Crawl Stone Soup version 0.17-a0-1007-gb2305a1 (webtiles) character file.

887 Quirrel the Martial Artist (level 7, -1/52 HPs)
             Began as a Demonspawn Monk on May 13, 2015.
             Slain by a hound (4 damage)
             ... on level 5 of the Dungeon.
             The game lasted 00:10:25 (4469 turns).

Quirrel the Martial Artist (Demonspawn Monk)        Turns: 4469, Time: 00:10:25

Health: -1/52      AC:  8    Str: 12    XL:     7   Next: 77%
Magic:  7/7        EV: 11    Int: 11    God:
Gold:   293        SH:  0    Dex: 17    Spells: 0 memorised, 6 levels left

rFire  + + .     SeeInvis .       - Unarmed
rCold  x . .     Clarity  .     k - +0 fire dragon armour
rNeg   . . .     SustAb   +     (no shield)
rPois  .         Gourm    .     (no helmet)
rElec  .         Spirit   .     (no cloak)
rCorr  .         Warding  .     (no gloves)
rMut   +         Stasis   .     (no boots)
MR     .....                    q - amulet of resist mutation
Stlth  ..........               (no ring)
                                c - ring of sustain abilities

@: not resistant to hostile enchantments, extremely unstealthy
A: claws 1, repulsion field 1, powered by pain 1
a: no special abilities


You were on level 5 of the Dungeon.
You were not hungry.

You visited 1 branch of the dungeon, and saw 5 of its levels.

You collected 293 gold pieces.

Inventory:

Armour
 k - a +0 fire dragon armour (worn)
 n - a +0 ring mail
Jewellery
 c - a ring of sustain abilities (left claw)
 q - an amulet of resist mutation (around neck)
Magical devices
 a - a wand of draining (2)
 i - a wand of digging (8)
Scrolls
 d - 2 scrolls of recharging
 g - a scroll of remove curse
 m - 2 scrolls of teleportation
 o - 2 scrolls of magic mapping
Potions
 e - a potion of lignification {unknown}
 j - 3 potions of curing
 p - a potion of haste {unknown}
 r - a potion of agility {unknown}
Comestibles
 b - 3 bread rations
 f - 4 fruits
 h - a beef jerky
 l - 3 chunks of flesh
 t - 2 meat rations


   Skills:
 - Level 3.0 Fighting
 - Level 2.6 Dodging
 - Level 1.7 Stealth
 + Level 9.0 Unarmed Combat


You had 6 spell levels left.
You didn't know any spells.

Dungeon Overview and Level Annotations

Branches:
Dungeon (5/15)
 Temple: D:4-7

Altars:


Innate Abilities, Weirdness & Mutations

You have sharp fingernails.
You are surrounded by a mild repulsion field (EV +2).
You sometimes gain a little power by taking damage.


Message History

The hound bites you but does no damage.
Drink which item? (? for menu, Esc to quit)
You feel better. The bat hits you but does no damage.
The bat hits you but does no damage. The centaur hits you.
* * * LOW HITPOINT WARNING * * *
The hound misses you.
You claw the centaur!
The centaur begins to bleed from its wounds!
The centaur is heavily wounded.
The bat closely misses you. The centaur hits you.
* * * LOW HITPOINT WARNING * * *
The hound barely misses you.
You scratch the centaur. You claw the centaur.
You kill the centaur!
Your Unarmed Combat skill increases to level 9!
The bat completely misses you. The hound bites you but does no damage.
The hound barely misses you.
You scratch the hound but do no damage. The bat hits you but does no damage.
The bat barely misses you. The hound bites you.
You die...

..#...##......##..#.. ..
......##...#.####)#..
.............(##.##..#..
...###......(##.#.......
PP<.#..#...(....###.....
$P........(......#......
$P.......(........#...##
$P.....h(...............
P...#.@b.....#......#..
....#)###..............
... #..............
..... ..............
....... ##.#.....
....... ...... ....$..
.... .......


You could see a hound and a bat.

Vanquished Creatures
  The ghost of Garrluk the Chopper, an average FoFi (D:3)
  2 ogres (D:4)
  A centaur (D:5)
  A scorpion (D:4)
  A gnoll shaman (D:4)
  An orc priest (D:3)
  A centaur skeleton (D:4)
  2 worker ants (D:4)
  An iguana (D:4)
  8 adders
  6 gnolls (D:4)
  3 worms
  3 giant geckos
  8 orcs
  3 ball pythons
  7 giant cockroaches
  14 goblins
  15 hobgoblins
  5 jackals (D:4)
  20 kobolds
  4 quokkas
  4 bats
  6 giant newts
  2 quokka skeletons (D:4)
  12 rats
131 creatures vanquished.

Notes
Turn   | Place    | Note
--------------------------------------------------------------
     0 | D:1      | Quirrel the Demonspawn Monk began the quest for the Orb.
     0 | D:1      | Reached XP level 1. HP: 18/18 MP: 1/1
   169 | D:1      | Reached skill level 4 in Unarmed Combat
   174 | D:1      | Gained mutation: You sometimes gain a little power by taking damage. [demonic ancestry]
   174 | D:1      | Reached XP level 2. HP: 18/24 MP: 2/2
   701 | D:2      | Reached XP level 3. HP: 29/29 MP: 3/3
  1083 | D:2      | Reached skill level 5 in Unarmed Combat
  1424 | D:2      | Gained mutation: You have sharp fingernails. [demonic ancestry]
  1424 | D:2      | Reached XP level 4. HP: 31/35 MP: 4/4
  1604 | D:3      | Noticed Garrluk's ghost (average FoFi)
  2217 | D:3      | Reached XP level 5. HP: 31/41 MP: 5/5
  2620 | D:3      | Reached skill level 6 in Unarmed Combat
  3056 | D:4      | Noticed an ogre
  3072 | D:4      | Killed an ogre
  3072 | D:4      | Gained mutation: You are surrounded by a mild repulsion field (EV +2). [demonic ancestry]
  3072 | D:4      | Reached XP level 6. HP: 4/47 MP: 6/6
  3641 | D:4      | Reached skill level 7 in Unarmed Combat
  3906 | D:4      | Reached XP level 7. HP: 38/52 MP: 7/7
  4041 | D:4      | Reached skill level 8 in Unarmed Combat
  4241 | D:3      | Killed Garrluk's ghost
  4364 | D:5      | Entered Level 5 of the Dungeon
  4468 | D:5      | Reached skill level 9 in Unarmed Combat
  4469 | D:5      | Slain by a hound

Vault maps used:
D:1:      lemuel_arrival_broad_hall
D:3:      first_bread, minmay_misc_feat_plants
D:5:      basic_altar, minmay_gold_behind_fungi

Action                   |  1- 3 |  4- 6 |  7- 9 || total
-------------------------+-------+-------+-------++-------
Melee: Unarmed           |   134 |   244 |    63 ||   441
  Use: Scroll            |       |    11 |       ||    11
       Potion            |       |     1 |     1 ||     2
 Stab: Sleeping          |     2 |       |       ||     2
  Eat: Chunk             |     2 |     8 |     2 ||    12
